 Dungeon Crawl Stone Soup version 0.24-a0-809-g71cb82dfb8 (webtiles) character file.

Game seed: 6943027288166714185, levelgen mode: deterministic

560 Conn the Sneak (level 7, 0/45 HPs)
             Began as an Octopode Fire Elementalist on Oct 11, 2019.
             Slain by a gnoll
             ... wielding a +0 spear
              (9 damage)
             ... on level 4 of the Dungeon.
             The game lasted 00:09:45 (3965 turns).

Conn the Sneak (Octopode Fire Elementalist)         Turns: 3965, Time: 00:09:46

Health: 0/45       AC:  1    Str:  8    XL:     7   Next: 31%
Magic:  3/11       EV: 14    Int: 19    God:
Gold:   235        SH:  0    Dex: 12    Spells: 2/12 levels left

rFire    . . .     SeeInvis .   h - +1 dagger (holy)
rCold    . . .     Gourm    .   (no shield)
rNeg     . . .     Faith    .   (helmet restricted)
rPois    .         Spirit   .   (no amulet)
rElec    .         Reflect  .   (no ring)
rCorr    .         Harm     .   (no ring)
MR       .....                  (no ring)
Stlth    ++++......             (no ring)
HPRegen  0.15/turn              (no ring)
MPRegen  0.12/turn              (no ring)
                                (no ring)
                                (no ring)

@: no status effects
A: almost no armour, stealthy swim, amphibious, 8 rings, constrict 8, camouflage
1, gelatinous body 1
a: no special abilities


You were on level 4 of the Dungeon.
You were not hungry.

You visited 1 branch of the dungeon, and saw 4 of its levels.

You collected 235 gold pieces.

Inventory:

Hand Weapons
 e - a +0 vampiric short sword
 h - a +1 dagger of holy wrath (weapon)
Wands
 m - a wand of polymorph (8)
Scrolls
 a - 3 scrolls of enchant weapon {unknown}
 d - 7 scrolls of identify {unknown}
 g - 2 scrolls of remove curse {unknown}
 l - a scroll of blinking {unknown}
 n - a scroll of enchant armour {unknown}
Potions
 c - a potion of flight {unknown}
 f - 2 potions of heal wounds {unknown}
 i - a potion of haste {unknown}
 j - 2 potions of curing {unknown}
Comestibles
 b - 9 rations


   Skills:
 + Level 2.1 Fighting
 + Level 2.8 Short Blades
 + Level 3.6 Dodging
 - Level 5.6 Stealth
 * Level 3.0 Spellcasting
 * Level 1.9 Conjurations
 + Level 4.2 Fire Magic


You had 2 spell levels left.
You knew the following spells:

 Your Spells              Type           Power        Failure   Level  Hunger
a - Flame Tongue          Conj/Fire      ##...        4%          1    None
b - Conjure Flame         Conj/Fire      ##......     13%         3    ###....
c - Inner Flame           Hex/Fire       ##......     19%         3    ###....
d - Confuse               Hex            #.......     41%         3    ###....

Your spell library contained the following spells:

 Spells                   Type           Power        Failure   Level  Hunger
 Throw Flame              Conj/Fire      ##....       6%          2    ##.....
 Corona                   Hex            #......      16%         1    None
 Ensorcelled Hibernation  Hex/Ice        #.....       22%         2    ##.....
 Dazzling Spray           Conj/Hex       #.....       30%         3    ###....
 Sticky Flame             Conj/Fire      ##......     38%         4    ####...
 Tukima's Dance           Hex            #.......     41%         3    ###....
 Fireball                 Conj/Fire      ##........   75%         5    ######.


Dungeon Overview and Level Annotations

Branches:
Dungeon (4/15)
 Temple: D:4-7

Altars:

Annotations:
D:2 Natasha


Innate Abilities, Weirdness & Mutations

You cannot wear most types of armour.
You are very stealthy in the water. (Stealth+)
You are amphibious.
You can wear up to eight rings at the same time.
You can use your tentacles to constrict eight enemies at once.
Your skin changes colour to match your surroundings (Stealth+).
Your rubbery body absorbs attacks. (AC +1, EV +1)


Message History

Unknown command.
Unknown command.
You release your grip on the gnoll.
The gnoll closely misses you. The quokka bites you.
* * * LOW HITPOINT WARNING * * *
The gnoll throws a throwing net.
The throwing net closely misses you.
Your magical contamination has completely faded away.
The quokka barely misses you.
Press: ? - help, v - describe, . - travel
Here: a quokka The floor.
Unknown command.
Casting: Flame Tongue (safe; 4% risk of failure)
Confirm with . or Enter, or press ? or * to list all spells.
Aiming: Flame Tongue (safe; 4% risk of failure)
Press: ? - help, Shift-Dir - straight line, f - quokka
Aim: a quokka The flame tongue misses the quokka.
The quokka misses you.
The gnoll hits you from afar with a +0 spear!
You die...

.....................
..............##....#...
................#.......
............###..#......
........................
............####.#.##...
.........##.. #.#.# ...
.........###.###.#.##...
###.@.....##.....# ..
#r####..##.....#
##########g#####........#
#####.....#.................##
..........(......###..#......#.
#...............###.#........
#...............###.#.......#
###....†.................##..##
.?.....)..........###.##.....#


You could see a gnoll and a quokka.

Vanquished Creatures
  Sigmund (D:2)
  A bullfrog (D:4)
  2 orc priests (D:3)
  Natasha (twice) (D:2)
  Jessica (D:2)
  2 gnolls (D:4)
  6 adders
  An ooze (D:1)
  6 worms
  2 dart slugs
  4 leopard geckos
  9 orcs
  5 bats
  6 giant cockroaches
  10 goblins
  5 hobgoblins
  9 jackals
  A quokka (D:2)
  A ball python (D:1)
  5 frilled lizards (D:2)
  11 kobolds
  15 rats
  A bush (D:3)
  A plant (D:3)
107 creatures vanquished.

Notes
Turn   | Place    | Note
-------+----------+-------------------------------------------
     0 | D:1      | Conn the Octopode Fire Elementalist began the quest for the
                  | Orb.
     0 | D:1      | Reached XP level 1. HP: 11/11 MP: 3/3
   177 | D:1      | Reached XP level 2. HP: 17/17 MP: 5/5
   538 | D:1      | Reached XP level 3. HP: 19/21 MP: 0/6
   614 | D:1      | Reached skill level 3 in Stealth
   953 | D:2      | Noticed Natasha
   963 | D:2      | Killed Natasha
   963 | D:2      | Reached XP level 4. HP: 16/27 MP: 7/7
  1016 | D:2      | Noticed Sigmund
  1025 | D:2      | Killed Sigmund
  1025 | D:2      | Reached skill level 1 in Short Blades
  1025 | D:2      | Reached skill level 4 in Stealth
  1025 | D:2      | Reached XP level 5. HP: 12/32 MP: 5/8
  1025 | D:2      | Reached XP level 6. HP: 13/37 MP: 5/9
  1497 | D:2      | Reached skill level 5 in Stealth
  1680 | D:2      | Reached skill level 1 in Fighting
  1683 | D:2      | Noticed Jessica
  1692 | D:2      | Killed Jessica
  2122 | D:2      | Noticed Natasha
  2132 | D:2      | Killed Natasha
  2341 | D:2      | Noticed Natasha
  2653 | D:3      | Learned a level 3 spell: Conjure Flame
  2657 | D:3      | Learned a level 3 spell: Inner Flame
  2661 | D:3      | Learned a level 3 spell: Confuse
  3114 | D:3      | Reached XP level 7. HP: 43/44 MP: 11/11
  3965 | D:4      | Slain by a gnoll

Levels and vault maps discovered:
D:1:      minmay_arrival_stone_box, layout_loops_cross
D:2:      layout_loops_corners, uniq_sigmund, uniq_natasha, uniq_jessica
D:3:      layout_basic, lexackson_kobold_supper
D:4:      layout_rooms, minmay_temple_entry_trees

Skill      XL: |  1  2  3  4  5  6  7 |
---------------+----------------------+-----
Stealth        | 3 4 5 |  5.6
Short Blades   | 1 2 |  2.8
Dodging        | 3 |  3.6
Fire Magic     | 4 |  4.2
Fighting       | 1 2 |  2.1
Spellcasting   | 3 |  3.0
Conjurations   | |  1.9

Action                   |  1- 3 |  4- 6 |  7- 9 || total
-------------------------+-------+-------+-------++-------
Melee: Unarmed           |    17 |       |       ||    17
       Constrict         |    20 |    25 |     8 ||    53
       Tentacles         |    14 |    13 |     3 ||    30
       Short sword       |    35 |       |       ||    35
       Dagger            |    15 |   133 |    32 ||   180
 Cast: Flame Tongue      |    12 |    17 |    20 ||    49
       Conjure Flame     |       |     1 |       ||     1
       Inner Flame       |       |     1 |       ||     1
  Use: Potion            |       |     1 |       ||     1
 Stab: Sleeping          |     7 |    13 |     4 ||    24
       Distracted        |       |     2 |       ||     2
  Eat: Chunk             |       |     7 |     3 ||    10
Armor: Skin              |    11 |     3 |     1 ||    15
Dodge: Dodged            |    39 |    71 |    35 ||   145

Table legend:
 A = Non-vault XP
 B = Vault XP
 C = Vault XP percentage of total XP
 D = Non-vault monster count
 E = Vault monster count
 F = Vault count percentage of total count
                 A         B        C        D         E       F
            +---------+---------+-------+---------+---------+-------
      Total |     490 |     310 |  38.8 |      94 |      11 |  10.5
            +---------+---------+-------+---------+---------+-------
        D:1 |      56 |       0 |   0.0 |      29 |       0 |   0.0
        D:2 |      94 |     296 |  75.9 |      22 |       3 |  12.0
        D:3 |     189 |      14 |   6.9 |      32 |       8 |  20.0
        D:4 |     151 |       0 |   0.0 |      11 |       0 |   0.0
            +---------+---------+-------+---------+---------+-------
